 Dungeon Crawl Stone Soup version 0.23.2-33-g5129a83184 (webtiles) character file.

Game seed: 13560043902622661853

46 psyvane the Vexing (level 3, 0/33 HPs)
             Began as an Ogre Arcane Marksman on July 14, 2019.
             Slain by a quokka (4 damage)
             ... on level 1 of the Dungeon.
             The game lasted 00:04:12 (1915 turns).

psyvane the Vexing (Ogre Arcane Marksman)           Turns: 1915, Time: 00:04:13

Health: 0/33       AC:  3    Str: 14    XL:     3   Next: 68%
Magic:  12/13      EV: 10    Int: 15    God:
Gold:   32         SH:  0    Dex:  9    Spells: 1/4 levels left

rFire    . . .     SeeInvis .   h - +0 whip
rCold    . . .     Gourm    .   (no shield)
rNeg     . . .     Faith    .   a - +0 robe
rPois    .         Spirit   .   (helmet restricted)
rElec    .         Reflect  .   (no cloak)
rCorr    .         Harm     .   (gloves unavailable)
MR       +....                  (boots unavailable)
Stlth    +.........             (no amulet)
HPRegen  0.11/turn              b - ring of magical power
MPRegen  0.13/turn              (no ring)

@: no status effects
A: large, unfitting armour, antennae 1, magic resistance 1, tough skin 1
a: no special abilities


You were on level 1 of the Dungeon.
You were very hungry.

You visited 1 branch of the dungeon, and saw 2 of its levels.

You collected 32 gold pieces.

Inventory:

Hand Weapons
 h - a +0 whip (weapon)
Missiles
 c - 8 large rocks (quivered)
 d - 2 throwing nets
Armour
 a - a +0 robe (worn)
Jewellery
 b - a ring of magical power (left hand)
Scrolls
 e - a scroll of fog {unknown}
 i - a scroll of amnesia {unknown}
 j - a scroll of enchant armour {unknown}
 k - a scroll of identify
 l - a scroll of remove curse {unknown}
Potions
 m - 2 potions of curing
Comestibles
 f - 3 rations


   Skills:
 - Level 1.3 Fighting
 - Level 2.0 Throwing
 - Level 1.7 Dodging
 - Level 1.2 Spellcasting
 * Level 4.1 Hexes


You had one spell level left.
You knew the following spells:

 Your Spells              Type           Power        Failure   Level  Hunger
a - Corona                Hex            ##.....      4%          1    ##.....
b - Slow                  Hex            ##......     7%          2    ###....

Your spell library contained the following spells:

 Spells                   Type           Power        Failure   Level  Hunger
 Inner Flame              Hex/Fire       #.......     30%         3    ####...
 Portal Projectile        Hex/Tloc       #.....       30%         3    ####...
 Cause Fear               Hex            ##........   41%         4    #####..
 Leda's Liquefaction      Hex/Erth       #.........   71%         4    #####..


Dungeon Overview and Level Annotations

Branches:
Dungeon (2/15)

Altars:


Innate Abilities, Weirdness & Mutations

You are too large for most types of armour.
You have tough skin. (AC +1)
You have a pair of small antennae on your head.
You are resistant to hostile enchantments. (MR+)


Message History

You climb upwards.
There is a stone staircase leading down here.
Casting: Slow (safe; 7% risk of failure)
Confirm with . or Enter, or press ? or * to list all spells.
Aiming: Corona (safe; 4% risk of failure)
Press: ? - help, Shift-Dir - straight line, f - quokka
Aim: a quokka (chance to defeat MR: 67%)
The quokka is outlined in light.
The quokka barely misses you.
You completely miss the quokka. The quokka bites you.
* * * LOW HITPOINT WARNING * * *
The quokka bites you.
* * * LOW HITPOINT WARNING * * *
You hit the quokka.
The quokka is heavily wounded.
The quokka closely misses you.
You hit the quokka but do no damage.
The quokka is heavily wounded.
You are feeling very hungry.
The quokka bites you.
You die...

#........# ### #.......>#
#.. #........# #..
#........# ###.#
#####....^.[.# ###..##
#....###..#### ####..###(
#.##.###..# ####....##'..
#.##...#.r# #....#..#.##.
#.####..#@####..(...###.##
#.# ##.#.......##### ##'#
#.# #.#.......# ##.# ###
#.# #.....##### ##... ..#
#.# #....##### #....
#.######.# ###....###.###
##...
.......#.###...#..##....#
##.#
#.####........##..##.##.##
### #.#
#...#..#..#...#.##..#


You could see a quokka.

Vanquished Creatures
  An adder (D:2)
  An ooze (D:2)
  A dart slug (D:1)
  4 leopard geckos
  3 bats (D:1)
  3 giant cockroaches
  5 hobgoblins
  A frilled lizard (D:1)
  5 kobolds
  3 rats
27 creatures vanquished.

Notes
Turn   | Place    | Note
-------+----------+-------------------------------------------
     0 | D:1      | psyvane the Ogre Arcane Marksman began the quest for the
                  | Orb.
     0 | D:1      | Reached XP level 1. HP: 19/19 MP: 2/2
   294 | D:1      | Reached skill level 3 in Hexes
   383 | D:1      | Reached XP level 2. HP: 17/27 MP: 1/3
   749 | D:1      | Learned a level 2 spell: Slow
  1262 | D:2      | Reached XP level 3. HP: 30/33 MP: 4/4
  1459 | D:2      | Reached skill level 4 in Hexes
  1866 | D:2      | Gained mutation: You are resistant to hostile enchantments.
                  | (MR+) [potion of mutation]
  1866 | D:2      | Gained mutation: You have a pair of small antennae on your
                  | head. [potion of mutation]
  1915 | D:1      | Slain by a quokka

Skill      XL: |  1  2  3 |
---------------+----------+-----
Hexes          | 3 4 |  4.1
Fighting       | |  1.3
Throwing       | |  2.0
Dodging        | |  1.7
Spellcasting   | |  1.2

Action                   || total
-------------------------++-------
Melee: Whip              ||   118
       Unarmed           ||    20
 Cast: Corona            ||    27
       Slow              ||     9
  Use: Scroll            ||     1
       Potion            ||     1
  Eat: Chunk             ||     4
Armor: Robe              ||    61
Dodge: Dodged            ||    92
